 Dungeon Crawl Stone Soup version 0.23.1-37-gaa34b87b72 (webtiles) character file.

Game seed: 6065150425674791939

1455 PikkenKukken the Ruffian (level 8, -8/78 HPs)
             Began as a Troll Earth Elementalist on Mar 26, 2019.
             Mangled by Pikel
             ... wielding a +2 whip of electrocution
              (10 damage)
             ... on level 5 of the Dungeon.
             The game lasted 00:08:45 (4356 turns).

PikkenKukken the Ruffian (Troll Earth Elementalist) Turns: 4356, Time: 00:08:46

Health: -8/78      AC:  6    Str: 16 (17) XL:     8   Next: 47%
Magic:  8/8        EV: 11    Int: 12 (13) God:
Gold:   234        SH:  3    Dex:  9 (10) Spells: 8/9 levels left

rFire    . . .     SeeInvis .     - Unarmed
rCold    . . .     Gourm    +   (no shield)
rNeg     . . .     Faith    .   c - +0 robe
rPois    .         Spirit   .   (helmet restricted)
rElec    .         Reflect  +   (no cloak)
rCorr    .         Harm     .   (gloves unavailable)
MR       .....                  (boots unavailable)
Stlth    +.........             h - +3 amulet of reflection
HPRegen  0.63/turn              (no ring)
MPRegen  0.11/turn              (no ring)

@: no status effects
A: large, unfitting armour, claws 3, fast metabolism 3, gourmand, regeneration
1, shaggy fur 1, tough skin 3
a: no special abilities


You were on level 5 of the Dungeon.
You were full.

You visited 1 branch of the dungeon, and saw 6 of its levels.

You collected 234 gold pieces.

Inventory:

Missiles
 b - 231 stones
 l - 5 tomahawks (quivered)
Armour
 c - a +0 robe (worn)
Jewellery
 h - a +3 amulet of reflection (around neck)
Wands
 j - a wand of polymorph (5)
 k - a wand of acid (8)
 o - a wand of random effects (11)
Scrolls
 a - 4 scrolls of identify
 g - a scroll of teleportation
 m - 2 scrolls of remove curse
 s - a scroll of amnesia
Potions
 e - a potion of cancellation
 i - a potion of brilliance
 n - a potion of flight
 q - a potion of invisibility
 r - a potion of resistance
Comestibles
 d - 9 rations
 f - 3 chunks of flesh


   Skills:
 + Level 4.1 Fighting
 + Level 4.5 Throwing
 + Level 4.6 Dodging
 - Level 1.0 Stealth
 + Level 5.0 Unarmed Combat
 - Level 1.2 Spellcasting
   Level 0.6 Transmutations
 - Level 2.6 Earth Magic


You had 8 spell levels left.
You knew the following spells:

 Your Spells              Type           Power        Failure   Level  Hunger
a - Sandblast             Erth           #.....       10%         1    ##.....

Your spell library contained the following spells:

 Spells                   Type           Power        Failure   Level  Hunger
 Passwall                 Tmut/Erth      #.......     22%         2    ###....
 Corona                   Hex            #......      30%         1    ##.....
 Ensorcelled Hibernation  Hex/Ice        #.....       41%         2    ###....
 Stone Arrow              Conj/Erth      #.....       45%         3    ####...
 Confuse                  Hex            #.......     65%         3    ####...
 Dazzling Spray           Conj/Hex       #.....       65%         3    ####...
 Tukima's Dance           Hex            #.......     65%         3    ####...
 Petrify                  Tmut/Erth      #.......     83%         4    #####..
 Lee's Rapid Deconstruct  Erth           #.........   95%         5    ######.


Dungeon Overview and Level Annotations

Branches:
Dungeon (6/15)
 Temple: D:4-7

Altars:
Dithmenos

Annotations:
D:5 Pikel
D:6 Dowan, Duvessa


Innate Abilities, Weirdness & Mutations

You are too large for most types of armour.
You have claws for hands.
Your metabolism is lightning-fast.
You like to eat raw meat.
Your natural rate of healing is unusually fast.
You are covered in fur. (AC +1)
You have extremely tough skin. (AC +3)


Message History

You are electrocuted!
* * * LOW HITPOINT WARNING * * *
You closely miss Pikel.
Pikel is lightly wounded.
You block Pikel's attack.
You scratch Pikel.
Pikel is moderately wounded.
Pikel hits you with a +2 whip of electrocution.
* * * LOW HITPOINT WARNING * * *
You scratch Pikel.
Pikel is moderately wounded.
Pikel closely misses you.
You scratch Pikel.
Pikel is heavily wounded.
Pikel hits you but does no damage.
You are electrocuted!
* * * LOW HITPOINT WARNING * * *
You scratch Pikel.
Pikel is heavily wounded.
Pikel hits you but does no damage.
You are electrocuted!
You die...

##.#.#####################.#
#.#..<#.....# #.#
#.#####.###.########### #.#
#.#.....# #...........# #.#
#.#.###.#############.###.##
##.#.#####..........#.......#
...#.......########.#..######
...################.#..#
................@Kp.#..#
..#.###....########.#..#
..#.# #....# #.#..# ..#.#
#....# #.#### ..#.# #....#
#.# ..#.# #....# #.# ..#.#
#....##### #.#
..#.###........# #.#
..#.##.........# #.#


You could see Pikel and a slave.

Vanquished Creatures
  Sigmund (D:4)
  A sky beast (D:5)
  2 slaves (D:5)
  2 ogres
  A centaur (D:5)
  2 bullfrogs
  A scorpion (D:5)
  A centaur zombie (D:3)
  A crimson imp (D:5)
  4 hounds
  A jelly (D:4)
  2 orc priests
  An orc wizard (D:3)
  Jessica (D:2)
  Ijyb (D:3)
  An iguana (D:4)
  4 worker ants
  A hound zombie (D:6)
  A worker ant zombie (D:5)
  6 gnolls
  8 adders
  A shadow imp (D:5)
  4 oozes
  A worm (D:2)
  4 dart slugs
  A leopard gecko (D:1)
  28 orcs
  3 ball pythons
  7 bats
  2 giant cockroaches
  9 goblins
  7 hobgoblins
  3 jackals (D:5)
  A quokka (D:5)
  7 frilled lizards
  6 kobolds
  A quokka skeleton (D:5)
  6 rats
134 creatures vanquished.

Vanquished Creatures (others)
  A goblin (D:3)
1 creature vanquished.

Grand Total: 135 creatures vanquished

Notes
Turn   | Place    | Note
-------+----------+-------------------------------------------
     0 | D:1      | PikkenKukken the Troll Earth Elementalist began the quest
                  | for the Orb.
     0 | D:1      | Reached XP level 1. HP: 16/16 MP: 1/1
   153 | D:1      | Reached XP level 2. HP: 25/26 MP: 0/2
   334 | D:1      | Reached skill level 1 in Unarmed Combat
   350 | D:1      | Reached skill level 1 in Throwing
   599 | D:1      | Reached XP level 3. HP: 28/32 MP: 3/3
   833 | D:2      | Reached skill level 1 in Fighting
  1057 | D:2      | Noticed Jessica
  1061 | D:2      | Killed Jessica
  1061 | D:2      | Reached XP level 4. HP: 41/41 MP: 1/4
  1784 | D:3      | Reached skill level 2 in Unarmed Combat
  1868 | D:3      | Noticed an ogre
  1876 | D:3      | Killed an ogre
  1876 | D:3      | Reached XP level 5. HP: 48/49 MP: 5/5
  2112 | D:3      | Reached XP level 6. HP: 47/57 MP: 6/6
  2226 | D:3      | You fall through a shaft!
  2292 | D:3      | Noticed Ijyb
  2308 | D:3      | Killed Ijyb
  2308 | D:3      | Reached skill level 3 in Unarmed Combat
  2914 | D:4      | Reached XP level 7. HP: 53/66 MP: 7/7
  3065 | D:4      | Noticed Sigmund
  3076 | D:4      | Killed Sigmund
  3208 | D:5      | Entered Level 5 of the Dungeon
  3307 | D:5      | Reached skill level 4 in Unarmed Combat
  3338 | D:5      | HP: 1/67 [centaur (5)]
  3586 | D:5      | Reached XP level 8. HP: 78/78 MP: 8/8
  4154 | D:5      | Found a shadowy altar of Dithmenos.
  4210 | D:6      | Noticed Pikel
  4210 | D:6      | Noticed Dowan
  4211 | D:6      | Noticed Duvessa
  4291 | D:6      | Reached skill level 5 in Unarmed Combat
  4355 | D:5      | HP: 1/78 [Pikel/+2 whip of electrocution (11)]
  4356 | D:5      | Mangled by Pikel

Skill      XL: |  1  2  3  4  5  6  7  8 |
---------------+-------------------------+-----
Unarmed Combat | 1 2 3 4 5 |  5.0
Throwing       | 1 2 3 4 |  4.5
Dodging        | 2 3 4 |  4.6
Fighting       | 1 2 3 4 |  4.1
Stealth        | |  1.0
Spellcasting   | |  1.2
Transmutations | |  0.6
Earth Magic    | |  2.6

Action                   |  1- 3 |  4- 6 |  7- 9 || total
-------------------------+-------+-------+-------++-------
Melee: Unarmed           |    94 |   205 |   203 ||   502
       Punch             |       |     3 |     3 ||     6
Throw: Tomahawk          |       |       |    24 ||    24
       Stone             |       |       |     3 ||     3
 Cast: Sandblast         |     3 |       |     2 ||     5
  Use: Scroll            |     2 |     7 |     3 ||    12
       Potion            |       |       |     2 ||     2
 Stab: Sleeping          |     1 |     1 |       ||     2
  Eat: Chunk             |    15 |    18 |    10 ||    43
Armor: Robe              |    25 |    65 |    67 ||   157
       Skin              |       |     1 |       ||     1
Dodge: Dodged            |    43 |   108 |    98 ||   249
Block: Other             |       |    36 |    30 ||    66
       Reflection        |       |     3 |     1 ||     4
